 Dungeon Crawl Stone Soup version 0.21-a0-437-ge5bf024 (webtiles) character file.

17 slep the Skirmisher (level 2, 0/24 HPs)
             Began as a Demonspawn Abyssal Knight on Nov 10, 2017.
             Was a Follower of Lugonu.
             Slain by a worm (6 damage)
             ... on level 2 of the Dungeon.
             The game lasted 00:03:31 (606 turns).

slep the Skirmisher (Demonspawn Abyssal Knight)      Turns: 606, Time: 00:03:31

Health: 0/24       AC:  6    Str: 12    XL:     2   Next: 44%
Magic:  3/3        EV: 11    Int: 13    God:    Lugonu [*.....]
Gold:   57         SH:  0    Dex: 12    Spells: 1/1 levels left

rFire    . . .     SeeInvis .   a - +1 falchion
rCold    . . .     Gourm    .   (no shield)
rNeg     . . .     Faith    .   b - +0 leather armour
rPois    .         Spirit   .   (no helmet)
rElec    .         Reflect  .   (no cloak)
rCorr    .         Harm     .   e - +0 pair of gloves
MR       .....                  (no boots)
Stlth    +.........             (no amulet)
HPRegen  0.08/turn              (no ring)
MPRegen  0.08/turn              (no ring)

@: no status effects
A: yellow scales 1
a: Depart the Abyss, Renounce Religion


You were on level 2 of the Dungeon.
You worshipped Lugonu.
Lugonu was aware of your devotion.
You were not hungry.

You visited 1 branch of the dungeon, and saw 2 of its levels.
You visited the Abyss 1 time.

You collected 57 gold pieces.

Inventory:

Hand Weapons
 a - a +1 falchion (weapon)
Armour
 b - a +0 leather armour (worn)
 e - a +0 pair of gloves (worn)
Scrolls
 d - a scroll of recharging {unknown}
Potions
 f - a potion of haste {unknown}
 h - a potion of cancellation {unknown}
Comestibles
 c - a bread ration


   Skills:
 + Level 3.4 Fighting
 + Level 2.1 Long Blades
 + Level 1.8 Armour
 + Level 1.0 Dodging
 + Level 0.1 Stealth
 + Level 2.6 Invocations


You had one spell level left.
You didn't know any spells.

Dungeon Overview and Level Annotations

Branches:
Dungeon (2/15)

Altars:


Innate Abilities, Weirdness & Mutations

You are partially covered in yellow scales. (AC +2)


Message History

Done exploring.
There is a stone staircase leading down here.
You climb downwards.
A worm comes into view.
Found a ring mail.
There is a stone staircase leading up here.
The worm bites you!
You hit the worm but do no damage. The worm closely misses you.
You barely miss the worm. You hit the worm.
The worm is moderately wounded.
The worm bites you!
* * * LOW HITPOINT WARNING * * *
You slash the worm!
The worm is severely wounded.
The worm completely misses you.
You hit the worm.
The worm is almost dead.
The worm bites you.
You die...

... ... ..# ...#
##..# # ... .##
#####.####.#...[.
......w@.<...#
#..#.###.....#
#....### #..#.##
...##.# ##.. #.#
### #.# ..#


You could see a worm.

Vanquished Creatures
  A dart slug (D:1)
  A leopard gecko (D:1)
  A ball python (D:1)
  2 bats (D:1)
  3 giant cockroaches (D:1)
  A hobgoblin (D:1)
  A kobold (D:1)
  2 rats (D:1)
12 creatures vanquished.

Notes
Turn   | Place    | Note
-------+----------+-------------------------------------------
     0 | Abyss:1  | slep the Demonspawn Abyssal Knight began the quest for the Orb.
     0 | Abyss:1  | Reached XP level 1. HP: 18/18 MP: 2/2
    72 | Abyss:1  | Noticed a hungry ghost
    78 | Abyss:1  | Noticed a chaos spawn
    87 | Abyss:1  | Noticed a small abomination
   115 | Abyss:1  | Noticed a large abomination
   140 | Abyss:1  | Noticed a hell hound
   144 | Abyss:1  | Noticed a hell hound
   144 | D:1      | Escaped the Abyss
   300 | D:1      | Gained mutation: You are partially covered in yellow scales. (AC +2) [demonic ancestry]
   300 | D:1      | Reached XP level 2. HP: 14/24 MP: 3/3
   317 | D:1      | Reached skill level 1 in Dodging
   357 | D:1      | Reached * piety under Lugonu
   606 | D:2      | Slain by a worm

Vault maps used:
D:1:      scummos_arrival_gate, serial_park_tiny_2
D:2:      old_standard_altar, nicolae_ru_great_annihilating_truth, first_bread,
          minmay_fountain_box
Abyss:1:  minivault_23

Skill      XL: |  1  2 |
---------------+-------+-----
Long Blades    | 2 |  2.1
Dodging        | 1 |  1.0
Fighting       | |  3.4
Armour         | |  1.8
Stealth        | |  0.1
Invocations    | |  2.6

Action                   || total
-------------------------++-------
Melee: Falchion          ||    34
Invok: Depart the Abyss  ||     1
  Eat: Chunk             ||     2
Armor: Leather armour    ||    10
Dodge: Dodged            ||    24
       Rpst.: Falchion   ||     8

Table legend:
 A = Spawn XP
 B = Non-spawn XP
 C = Spawn XP percentage of total XP
 D = Spawn monster count
 E = Non-spawn monster count
 F = Spawn count percentage of total count
 G = Total turns spent on level
                    A         B        C        D         E        F      G
               +---------+---------+-------+---------+---------+-------+---------
         Total |       0 |      25 |   0.0 |       0 |      12 |   0.0 |   606
               +---------+---------+-------+---------+---------+-------+---------
           D:1 |       0 |      25 |   0.0 |       0 |      12 |   0.0 |   455
               +---------+---------+-------+---------+---------+-------+---------
